 Dungeon Crawl Stone Soup version 0.27-a0-1296-g8ece459b43 (webtiles) character file.

Game seed: 12912293856110809950

8792 HAL9000 the Covert (level 11, -1/56 HPs)
             Began as a Vine Stalker Brigand on June 16, 2021.
             Was a Follower of Uskayaw.
             Slain by a sixfirhy (8 damage)
             ... summoned by a kobold demonologist
             ... on level 9 of the Dungeon.
             The game lasted 00:25:55 (9343 turns).

HAL9000 the Covert (Vine Stalker Brigand)           Turns: 9343, Time: 00:25:55

Health: -1/56      AC:  7    Str: 24    XL:     11   Next: 36%
Magic:  0/21       EV: 11    Int: 17    God:    Uskayaw [*.....]
Gold:   179        SH:  0    Dex: 19    Spells: 4/10 levels left

rFire    . . .     SeeInvis .   p - +3 dagger (venom)
rCold    . . .     Faith    .   (no shield)
rNeg     . . .     Spirit   +   G - +1 leather armour of Beauty {Int+6 Dex+4}
rPois    .         Reflect  .   u - +1 helmet
rElec    .         Harm     .   c - +0 cloak
rCorr    .         Rampage  .   (no gloves)
Will     +....                  (no boots)
Stlth    +++++.....             (no amulet)
HPRegen  1.18/turn              o - +6 ring of strength
MPRegen  0.17/turn              A - ring of magical power

@: no status effects
A: fangs 3, regeneration 1, magic shield, antimagic bite, no potion heal 2
a: Renounce Religion, Stomp


You were on level 9 of the Dungeon.
You worshipped Uskayaw.
Uskayaw was noncommittal.
You visited 2 branches of the dungeon, and saw 10 of its levels.

You collected 509 gold pieces.
You spent 330 gold pieces at shops.

Inventory:

Hand Weapons
 p - a +3 dagger of venom (weapon)
 I - a +3 short sword of freezing
Missiles
 d - 48 poisoned darts
 w - 10 boomerangs
 x - 2 silver javelins (quivered)
Armour
 c - a +0 cloak (worn)
 u - a +1 helmet (worn)
 B - the +1 helmet of Light {Drain rF+++ rC+++ Int-3}
   (You found it on level 5 of the Dungeon)

   It affects your intelligence (-3).
   It renders you almost immune to fire.
   It renders you almost immune to cold.
   It drains your maximum health when unequipped.
 C - the +1 leather armour of Fun {rCorr}
   (You found it on level 5 of the Dungeon)

   It protects you from acid and corrosion.
 E - a +1 leather armour of fire resistance
 G - the +1 leather armour of Beauty (worn) {Int+6 Dex+4}
   (You found it on level 6 of the Dungeon)

   It affects your intelligence (+6).
   It affects your dexterity (+4).
 N - +0 steam dragon scales
Jewellery
 b - a ring of willpower
 o - a +6 ring of strength (left hand)
 t - a ring of ice
 A - a ring of magical power (right hand)
 D - a ring of flight
 J - a ring of wizardry
Wands
 m - a wand of paralysis (15)
 L - a wand of iceblast (5)
Scrolls
 a - a scroll of enchant armour {unknown}
 e - a scroll of identify
 g - 5 scrolls of amnesia
 h - 2 scrolls of noise {unknown}
 k - 4 scrolls of teleportation
 l - 6 scrolls of immolation
 q - 5 scrolls of blinking
 r - 3 scrolls of enchant weapon {unknown}
 v - 3 scrolls of brand weapon {unknown}
 y - a scroll of torment {unknown}
 F - a scroll of fog {unknown}
 H - a scroll of fear {unknown}
 O - a scroll of vulnerability {unknown}
Potions
 f - 2 potions of lignification {unknown}
 i - 3 potions of curing
 j - a potion of berserk rage
 n - 5 potions of flight
 s - a potion of brilliance
 z - 2 potions of haste
 K - a potion of invisibility {unknown}
 M - a potion of cancellation {unknown}


   Skills:
 - Level 5.8 Fighting
 - Level 10.0 Short Blades
 - Level 5.0 Throwing
 - Level 0.7 Dodging
 - Level 13.1 Stealth
 + Level 5.3 Conjurations


You had 4 spell levels left.
You knew the following spells:

 Your Spells              Type           Power      Damage    Failure   Level
a - Mephitic Cloud        Conj/Pois/Air  6%         N/A       36%         3
b - Ignite Poison         Fire/Tmut/Pois 0%         N/A       63%         3

Your spell library contained the following spells:

 Spells                   Type           Power      Damage    Failure   Level
 Magic Dart               Conj           72%        1d6       3%          1
 Searing Ray              Conj           36%        3d4       4%          2
 Foxfire                  Conj/Fire      36%        2x1d5     9%          1
 Conjure Flame            Conj/Fire      9%         6-21      26%         3
 Dazzling Flash           Conj/Hex       18%        N/A       26%         3
 Poisonous Vapours        Pois/Air       0%         N/A       38%         2
 Inner Flame              Hex/Fire       0%         N/A       63%         3
 Fulminant Prism          Conj/Hex       4%         3d6       65%         4
 Iskenderun's Mystic Bla  Conj/Tloc      9%         2d4       65%         4
 Sticky Flame             Conj/Fire      9%         2d3       65%         4
 Fireball                 Conj/Fire      4%         3d4       94%         5
 Irradiate                Conj/Tmut      4%         3d15      94%         5
 Freezing Cloud           Conj/Ice/Air   3%         6-21      98%         5
 Blade Hands              Tmut           0%         N/A       100%        5
 Starburst                Conj/Fire      4%         8x6d4     100%        6
 Statue Form              Tmut/Erth      0%         N/A       100%        6
 Dragon Form              Tmut           0%         N/A       100%        7
 Storm Form               Tmut/Air       0%         N/A       100%        7
 Ignition                 Fire           0%         3d3       100%        8


Dungeon Overview and Level Annotations

Branches:
Dungeon (9/15)             Temple (1/1) D:5
   Lair: D:8-11         Orc: D:9-12

Altars:
Ashenzari
Cheibriados
Dithmenos
Elyvilon
Fedhas
Gozag
Hepliaklqana
Kikubaaqudgha
Makhleb
Nemelex Xobeh
Okawaru
Ru
Sif Muna
Uskayaw
Vehumet
Wu Jian
Xom
Yredelemnul
Zin
The Shining One

Shops:
D:6 *   D:7 *

Annotations:
D:4 3 runed translucent doors, Rosaphim's ghost, amateur TrMo


Innate Abilities, Weirdness & Mutations

You have razor-sharp teeth.
Your natural rate of healing is unusually fast.
When hurt, damage is shared between your health and your magic reserves.
Your bite disrupts and absorbs the magic of your enemies.
Potions cannot restore your health.


Message History

Aim: a kobold demonologist, wielding a +2 dagger of speed and wearing a +0 robe (very poisoned, 56% to hit)
You throw a poisoned dart.
The poisoned dart completely misses the sixfirhy.
The poisoned dart hits the kobold demonologist.
The kobold demonologist looks as sick as possible!
The sixfirhy hits you! The sixfirhy shocks you!
Okay, then.
Throw: 5 javelins (silver)
Press: ? - help, Q - select action, (/) - cycle Shift-Dir - straight line, f/p - kobold demonologist
Aim: a kobold demonologist, wielding a +2 dagger of speed and wearing a +0 robe (lightly wounded, extremely poisoned, 56% to hit)
You throw a silver javelin.
The silver javelin closely misses the sixfirhy.
The silver javelin pierces through the kobold demonologist!
The kobold demonologist is moderately wounded.
Throw: 4 javelins (silver)
Press: ? - help, Q - select action, (/) - cycle Shift-Dir - straight line, f/p - kobold demonologist
Aim: a kobold demonologist, wielding a +2 dagger of speed and wearing a +0 robe (heavily wounded, extremely poisoned, 56% to hit)
You throw a silver javelin.
The silver javelin barely misses the sixfirhy.
The silver javelin barely misses the kobold demonologist.
The kobold demonologist mumbles some strange words.
The sixfirhy hits you. The sixfirhy shocks you!
Throw: 3 javelins (silver)
Press: ? - help, Q - select action, (/) - cycle Shift-Dir - straight line, f/p - kobold demonologist
Aim: a kobold demonologist, wielding a +2 dagger of speed and wearing a +0 robe (heavily wounded, extremely poisoned, 56% to hit)
You throw a silver javelin.
The silver javelin pierces through the sixfirhy!!
The sixfirhy is heavily wounded.
The silver javelin barely misses the kobold demonologist.
The silver javelin pierces through the crimson imp!
The crimson imp is severely wounded.
The silver javelin pierces through the shadow imp.
The shadow imp is severely wounded.
The sixfirhy hits you. The sixfirhy shocks you! The sixfirhy hits you!
The sixfirhy shocks you!
* * * LOW HITPOINT WARNING * * *
The sixfirhy hits you.
* * * LOW HITPOINT WARNING * * *
The sixfirhy shocks you!
You die...

..........#. #.###### ####.####.#
#.# #8...8# # ##############.#
###.### #.#..............#
#8...8####.#........))....#
###.###.............).....#
#8...8# #............)..#.######
###.### #.#...#########.#.#.....
##8...8# #......@3K55((#.#.#.####
.###.### #..############.#.......
#....#####..##...........###.####
...≈........##.######............
...≈........##.# #.<..#####.####
..≈≈........ #.# #....'.........
..≈≈≈......###.####....#####.####
.≈≈≈≈≈.........#.....### #.....
≈≈≈≈≈≈≈≈...#####.....############


You could see a kobold demonologist (very poisoned), a sixfirhy (summoned), a
crimson imp (summoned) and a shadow imp (summoned).

Vanquished Creatures
  A boulder beetle (D:9)
  A two-headed ogre (D:6)
  A tengu warrior (D:9)
  Maggie (D:9)
  A hornet (D:8)
  19 yaks
  A wyvern (D:9)
  A steam dragon (D:9)
  2 water moccasins
  A sky beast (D:8)
  2 orc warriors (D:9)
  A hornet zombie (D:7)
  3 ogres (D:5)
  3 necrophages
  A phantom (D:6)
  2 centaurs
  6 kobold brigands
  2 scorpions
  2 wyvern zombies
  6 killer bees (D:9)
  9 wights
  2 howler monkeys
  2 centaur zombies
  2 hounds (D:5)
  4 orc priests
  6 iguanas
  6 orc wizards
  A mummy (D:7)
  A howler monkey zombie (D:7)
  Robin (D:3)
  A gnoll (D:1)
  6 adders
  2 white imps
  An adder skeleton (D:4)
  2 worms (D:2)
  A dart slug (D:1)
  14 orcs
  An endoplasm (D:3)
  2 giant cockroaches
  7 hobgoblins
  A quokka (D:4)
  3 ball pythons
  7 bats
  A frilled lizard (D:3)
  19 goblins
  15 kobolds
  5 rats
179 creatures vanquished.

Vanquished Creatures (others)
  2 kobolds
  3 withered plants (D:7)
5 creatures vanquished.

Grand Total: 184 creatures vanquished

Notes
Turn   | Place    | Note
-------+----------+-------------------------------------------
     0 | D:1      | HAL9000 the Vine Stalker Brigand began the quest for the
                  | Orb.
     0 | D:1      | Reached XP level 1. HP: 11/11 MP: 2/2
   135 | D:1      | Reached XP level 2. HP: 2/15 MP: 3/3
   857 | D:1      | Reached XP level 3. HP: 15/18 MP: 4/4
  2433 | D:2      | Gained mutation: Your natural rate of healing is unusually
                  | fast. [Vine Stalker growth]
  2433 | D:2      | Reached XP level 4. HP: 13/23 MP: 5/5
  3012 | D:3      | Found a faded altar of an unknown god.
  3123 | D:3      | Noticed a scorpion
  3140 | D:3      | Killed a scorpion
  3141 | D:3      | Reached skill level 5 in Short Blades
  3141 | D:3      | Reached XP level 5. HP: 19/26 MP: 4/6
  3285 | D:3      | Noticed Robin
  3310 | D:3      | Killed Robin
  3647 | D:4      | Found a runed translucent gate.
  3663 | D:4      | Found a runed translucent gate.
  3663 | D:4      | Found a runed translucent gate.
  3672 | D:4      | Noticed Rosaphim's ghost (amateur TrMo)
  3682 | D:4      | Reached XP level 6. HP: 30/30 MP: 5/7
  3946 | D:4      | Found a hazy altar of Hepliaklqana.
  4035 | D:4      | Reached skill level 5 in Stealth
  4250 | D:5      | Entered Level 5 of the Dungeon
  4250 | D:5      | Found a staircase to the Ecumenical Temple.
  4253 | D:5      | Reached skill level 6 in Stealth
  4258 | Temple   | Entered the Ecumenical Temple
  4593 | D:5      | Found a shadowy altar of Dithmenos.
  4602 | D:5      | Noticed a necrophage
  4619 | D:5      | Killed a necrophage
  4620 | D:5      | Reached skill level 7 in Stealth
  4620 | D:5      | Reached XP level 7. HP: 34/34 MP: 8/8
  4642 | D:5      | Reached skill level 8 in Stealth
  5161 | D:5      | Found an ancient bone altar of Kikubaaqudgha.
  5253 | D:5      | Identified the +1 helmet of Light {Drain rF+++ rC+++ Int-3}
  5258 | D:5      | Identified the +1 leather armour of Fun {rCorr}
  5373 | D:5      | Reached skill level 9 in Stealth
  5500 | D:6      | Noticed a yak
  5500 | D:6      | Noticed a yak
  5501 | D:6      | Noticed a yak
  5502 | D:6      | Killed a yak
  5503 | D:6      | Reached skill level 10 in Stealth
  5503 | D:6      | Gained mutation: You have razor-sharp teeth. [Vine Stalker
                  | growth]
  5503 | D:6      | Reached XP level 8. HP: 38/38 MP: 9/9
  5505 | D:6      | Noticed a yak
  5506 | D:6      | Noticed a yak
  5517 | D:6      | Killed a yak
  5524 | D:6      | Noticed a yak
  5540 | D:5      | Killed a yak
  5574 | D:5      | Killed a yak
  5949 | D:6      | Found Zin's Purification Station.
  5955 | D:6      | Found a glowing silver altar of Zin.
  6034 | D:6      | Reached XP level 9. HP: 42/42 MP: 10/10
  6147 | D:6      | Found an iron altar of Okawaru.
  6185 | D:6      | Identified the +1 leather armour of Beauty {Int+6 Dex+4}
  6430 | D:7      | Noticed a two-headed ogre
  6478 | D:6      | Killed a two-headed ogre
  6762 | D:7      | Reached skill level 5 in Fighting
  6808 | D:7      | Reached XP level 10. HP: 47/51 MP: 11/11
  7157 | D:7      | Found a radiant altar of Vehumet.
  7224 | D:7      | Found Vahaeg's Island Escapes.
  7350 | D:7      | Bought a scroll of blinking for 97 gold pieces
  7350 | D:7      | Bought a scroll of blinking for 97 gold pieces
  7350 | D:7      | Bought a scroll of teleportation for 39 gold pieces
  7350 | D:7      | Bought a scroll of blinking for 97 gold pieces
  7471 | D:8      | Reached skill level 5 in Throwing
  7553 | D:8      | Found an opulent altar of Gozag.
  7556 | D:8      | Found an ornate altar of the Wu Jian Council.
  7556 | D:8      | Found a sparkling altar of Nemelex Xobeh.
  7556 | D:8      | Found a hide-covered altar of Uskayaw.
  7787 | D:8      | Reached skill level 10 in Short Blades
  7859 | D:8      | Became a worshipper of Uskayaw the Reveller
  7867 | D:8      | Reached * piety under Uskayaw
  8164 | D:9      | Noticed a kobold demonologist
  8180 | D:8      | Reached ** piety under Uskayaw
  8358 | D:9      | Reached skill level 11 in Stealth
  8368 | D:9      | Reached *** piety under Uskayaw
  8371 | D:9      | Reached **** piety under Uskayaw
  8377 | D:9      | Reached ***** piety under Uskayaw
  8413 | D:9      | Reached skill level 12 in Stealth
  8579 | D:9      | Reached XP level 11. HP: 55/56 MP: 12/12
  8710 | D:9      | Noticed Maggie
  8802 | D:9      | Reached skill level 13 in Stealth
  8808 | D:9      | Learned a level 3 spell: Mephitic Cloud
  8824 | D:9      | Learned a level 3 spell: Ignite Poison
  8830 | D:9      | Reached skill level 1 in Conjurations
  8881 | D:9      | Noticed a tengu warrior
  8881 | D:9      | Noticed a boulder beetle
  8922 | D:9      | Killed a tengu warrior
  8983 | D:9      | Killed a boulder beetle
  9160 | D:9      | Killed Maggie
  9161 | D:9      | Reached skill level 5 in Conjurations
  9163 | D:9      | Noticed a two-headed ogre
  9340 | D:9      | Noticed a sixfirhy
  9343 | D:9      | Slain by a sixfirhy

Illustrated notes

Levels and vault maps discovered:
D:1:      wander_arrival_peaceful_grave, layout_loops_corners, hex_tiny
D:2:      layout_rooms, st_stairs_9, minmay_pentomino_u2
D:3:      layout_loops_ring, hellmonk_ecumenical_altar_arch_garden,
          serial_glass, glass_columns_b, glass_columns_a, uniq_robin
D:4:      layout_basic, nicolae_overflow_hidden_temple, gammafunk_ghost_split,
          serial_bayou_pond_e
D:5:      layout_loops_ring, old_standard_altar, kiku_gazebo_pond_becter,
          minmay_temple_entry_grid
D:6:      layout_loops_ring, nicolae_overflow_crystal_walls, zin_purify
D:7:      layout_loops_ring, lemuel_round_altar, serial_undead, serial_undead_e,
          serial_undead_a, serial_undead_b, serial_undead_d, serial_undead_a,
          nicolae_island_escapes
D:8:      layout_basic, grunt_temple_overflow_open, solitary_fountain,
          chequers_serial_rivers_large_a
D:9:      kennysheep_blocky_room, layout_basic, minmay_misc_feat_hallway,
          lemuel_old_faithful, uniq_grum, uniq_maggie
Temple:   dpeg_chambers_temple

Skill      XL: |  1  2  3  4  5  6  7  8  9 10 11 |
---------------+----------------------------------+-----
Short Blades   | 2 3 5 8 9 10 | 10.0
Stealth        | 7 10 12 13 | 13.1
Fighting       | 5 |  5.8
Throwing       | 4 5 |  5.0
Conjurations   | 5 |  5.3
Dodging        | |  0.7

Action                   |  1- 3 |  4- 6 |  7- 9 | 10-12 || total
-------------------------+-------+-------+-------+-------++-------
Melee: Dagger            |    81 |   102 |   139 |   286 ||   608
       Bite              |    24 |    36 |    57 |   142 ||   259
Throw: Dart              |     9 |       |    14 |    29 ||    52
       Javelin           |       |       |       |     6 ||     6
Evoke: Wand              |       |       |       |     4 ||     4
  Use: Scroll            |       |     1 |       |     8 ||     9
       Potion            |       |       |       |     1 ||     1
 Stab: Sleeping          |     9 |     9 |    14 |     5 ||    37
       Distracted        |       |       |     3 |     2 ||     5
       Paralysed         |       |       |       |     8 ||     8
Armor: Robe              |    17 |    22 |       |       ||    39
       Leather armour    |       |       |    17 |    55 ||    72
Dodge: Dodged            |    30 |    27 |    37 |    87 ||   181

Table legend: (Time is in decaauts)
 A = Elapsed time spent in this place.
 B = Non-inter-level travel time spent in this place.
 C = Inter-level travel time spent in this place.
 D = Time resting spent in this place.
 E = Time spent auto-exploring this place.
 F = Levels seen in this place.
 G = Mean time per level.
                   A        B        C        D        E       F      G
               +--------+--------+--------+--------+--------+-----+--------+
         Total |   9120 |   8758 |    362 |   1346 |   5728 |  10 |  912.0 |
       Dungeon |   8900 |   8541 |    359 |   1346 |   5511 |   9 |  988.9 |
        Temple |    220 |    217 |      3 |      0 |    217 |   1 |  220.0 |
               +--------+--------+--------+--------+--------+-----+--------+

Top non-repeatable levels by time:
     D:1: 1889 daAuts
     D:5: 1112 daAuts
     D:9: 1063 daAuts
     D:7: 952 daAuts
     D:2: 910 daAuts
     D:3: 820 daAuts
     D:6: 788 daAuts
     D:8: 763 daAuts
     D:4: 600 daAuts
  Temple: 220 daAuts
